 Dungeon Crawl Stone Soup version 0.29.1-1-gd02db6906a (webtiles) character file.

Game seed: 11584212114842989158

1402 corgi the Skirmisher (level 9, -7/54 HPs)
             Began as a Kobold Hunter on Oct 14, 2022.
             Killed from afar by an orc wizard (10 damage)
             ... with a puff of flame
             ... on level 6 of the Dungeon.
             The game lasted 00:11:29 (6110 turns).

corgi the Skirmisher (Kobold Hunter)                Turns: 6110, Time: 00:11:29

Health: -7/54      AC:  9    Str: 14 (15) XL:     9   Next: 1%
Magic:  9/9        EV: 19    Int:  9 (10) God:
Gold:   134        SH:  0    Dex: 22      Spells: 8/8 levels left

rFire   . . .      SeeInvis .   c - +2 shortbow (freeze)
rCold   . . .      Faith    .   (shield currently unavailable)
rNeg    . . .      Spirit   .   t - +2 animal skin
rPois   +          Reflect  .   u - +1 helmet
rElec   .          Harm     .   (no cloak)
rCorr   .          Rampage  .   (no gloves)
Will    .....                   j - +2 pair of boots
Stlth   +++.......              l - amulet of the acrobat
HPRegen 0.18/turn               d - +6 ring of strength
MPRegen 0.11/turn               s - ring of poison resistance

@: confused
A: small, no large weapons, nightstalker 3
a: no special abilities


You were on level 6 of the Dungeon.
You visited 1 branch of the dungeon, and saw 6 of its levels.

You collected 342 gold pieces.
You spent 208 gold pieces at shops.

Inventory:

Hand Weapons
 a - the +3 sling "Defrac" {flame, +Blink rElec rC+ Str+2 Dex-5}
   (You found it on level 5 of the Dungeon)

   Any ammunition fired from it burns those it strikes, dealing additional fire
   damage.
   Str:       It affects your strength (+2).
   Dex:       It affects your dexterity (-5).
   rC:        It protects you from cold.
   rElec:     It insulates you from electricity.
   +Blink:    It lets you blink.
 c - a +2 shortbow of freezing (weapon)
Missiles
 m - a throwing net
Armour
 j - a +2 pair of boots (worn)
 t - a +2 animal skin (worn)
 u - a +1 helmet (worn)
Jewellery
 d - a +6 ring of strength (left hand)
 l - an amulet of the acrobat (around neck)
 s - a ring of poison resistance (right hand)
Wands
 n - a wand of polymorph (9)
Scrolls
 b - 2 scrolls of immolation
 e - a scroll of magic mapping
 h - a scroll of teleportation
 k - 5 scrolls of identify
 p - a scroll of blinking
 r - a scroll of vulnerability {unknown}
 v - a scroll of amnesia
Potions
 f - 4 potions of curing
 g - a potion of invisibility
 i - a potion of resistance
 o - 4 potions of attraction
 q - 2 potions of heal wounds


   Skills:
 + Level 5.6 Fighting
 * Level 10.0 Ranged Weapons
 + Level 6.2 Dodging
 + Level 6.4 Stealth


You had 8 spell levels left.
You didn't know any spells.
Your spell library contained the following spells:

 Spells                   Type           Power      Damage    Failure   Level
 Inner Flame              Hex/Fire       0%         N/A       77%         3
 Cause Fear               Hex            0%         N/A       99%         4
 Discord                  Hex            0%         N/A       100%        8


Dungeon Overview and Level Annotations

Branches:
Dungeon (6/15)
 Temple: D:4-7

Altars:
Dithmenos
Gozag
Makhleb
Trog
Xom

Shops:
D:4 [   D:5 (


Innate Abilities, Weirdness & Mutations

You are small and have problems with some larger weapons.
You are completely attuned to the shadows.


Message History

The orc priest mumbles some strange prayers to Beogh against you.
Beogh smites you!
Fire: c) +2 shortbow (freeze)
Press: ? - help, Q - select action, (/) - cycle Shift-Dir - straight line, f/p - orc priest
Aim: an orc priest, wielding a +0 hand axe and wearing a +0 scale mail (74% to hit)
You shoot an arrow. The arrow hits the orc!
The arrow freezes the orc.
You kill the orc!
The orc priest mumbles some strange prayers to Beogh against you.
Beogh smites you!
* * * LOW HITPOINT WARNING * * *
An orc comes into view. It is wielding a +2 hand axe of venom.
Unknown command.
Fire: c) +2 shortbow (freeze)
Press: ? - help, Q - select action, (/) - cycle Shift-Dir - straight line, f/p - orc priest
Aim: an orc priest, wielding a +0 hand axe and wearing a +0 scale mail (74% to hit)
You shoot an arrow.
The arrow closely misses the orc wizard.
The arrow closely misses the orc wizard.
The arrow hits the orc priest!
The arrow freezes the orc priest.
The orc priest is severely wounded.
The orc wizard points at you and mumbles some strange words.
The puff of flame hits you.
* * * LOW HITPOINT WARNING * * *
The orc wizard casts a spell.
The orc wizard flickers and vanishes!
Deactivating autopickup; reactivate with Ctrl-A.
Blink to where?
Press: ? - help, Dir - move target, p - orc priest
As you read the scroll of blinking, it crumbles to dust.
The orc priest calls upon Beogh to heal the orc priest.
The orc priest is healed somewhat.
The orc priest closely misses you.
You hear some strange, mumbled words.
You are confused.
You barely miss the orc priest.
The orc priest is moderately wounded.
You hear some strange, mumbled words.
A puff of flame appears from out of thin air!
The puff of flame hits you!
You die...

....#.#o##.o....
......#..#......
##..............
##......#.......
#......>#......
#.....)......
####.......#
#.>.#...#
###@o.#...#
###o{.o....##
#ยง)5o........
###.o.........
##......o[..# ....
##.........## >...
#....##....###...#
##.##...........<.
#.....(...........


You could see 2 orc priests, an orc wizard, a shadow imp and 2 orcs.

Vanquished Creatures
  Edmund (D:6)
  Menkaure (D:5)
  An ice beast (D:5)
  2 black bears
  An ogre (D:5)
  A gnoll sergeant (D:5)
  3 scorpions (D:5)
  2 howler monkeys
  4 hounds
  An orc priest (D:4)
  A jelly (D:4)
  An orc wizard (D:6)
  3 iguanas (D:4)
  Robin (D:4)
  6 adders
  7 gnolls (D:5)
  A white imp (D:5)
  A dart slug (D:2)
  10 orcs
  5 bats
  7 endoplasms
  5 giant cockroaches
  24 goblins
  8 hobgoblins
  7 jackals
  5 kobolds
  6 quokkas
  4 ball pythons
  7 frilled lizards
  7 rats
133 creatures vanquished.

Vanquished Creatures (others)
  A plant (D:5)
1 creature vanquished.

Grand Total: 134 creatures vanquished

Notes
Turn   | Place    | Note
-------+----------+-------------------------------------------
     0 | D:1      | corgi the Kobold Hunter began the quest for the Orb.
     0 | D:1      | Reached XP level 1. HP: 12/12 MP: 1/1
   144 | D:1      | Reached XP level 2. HP: 18/18 MP: 2/2
   415 | D:1      | You fall into a shaft and drop 1 floor!
   462 | D:2      | Reached XP level 3. HP: 22/22 MP: 3/3
   677 | D:2      | Reached XP level 4. HP: 23/28 MP: 4/4
  1018 | D:1      | Reached skill level 6 in Ranged Weapons
  1973 | D:3      | Reached XP level 5. HP: 26/32 MP: 5/5
  2041 | D:3      | Found a faded altar of an unknown god.
  2498 | D:3      | Found a shadowy altar of Dithmenos.
  2524 | D:3      | Found a burning altar of Makhleb.
  2830 | D:3      | Found an opulent altar of Gozag.
  3129 | D:4      | Found a shimmering altar of Xom.
  3601 | D:4      | Reached skill level 7 in Ranged Weapons
  3601 | D:4      | Reached XP level 6. HP: 37/38 MP: 6/6
  3907 | D:4      | Found Tathuahe's Antique Armour Shop.
  4192 | D:4      | Noticed Robin
  4199 | D:4      | Killed Robin
  4717 | D:5      | Entered Level 5 of the Dungeon
  4730 | D:5      | Noticed a black bear
  4736 | D:5      | Noticed Menkaure
  4742 | D:4      | Reached XP level 7. HP: 33/43 MP: 7/7
  5057 | D:5      | Found Eqekkah's Hydra Hut.
  5061 | D:5      | Noticed an eight-headed hydra
  5062 | D:5      | Bought a +2 shortbow of freezing for 208 gold pieces
  5072 | D:5      | Reached skill level 8 in Ranged Weapons
  5097 | D:5      | Found a bloodstained altar of Trog.
  5313 | D:5      | Killed Menkaure
  5314 | D:5      | Reached skill level 5 in Dodging
  5324 | D:5      | Reached skill level 5 in Stealth
  5324 | D:5      | Reached XP level 8. HP: 48/48 MP: 8/8
  5389 | D:5      | Reached skill level 5 in Fighting
  5389 | D:5      | Reached skill level 9 in Ranged Weapons
  5500 | D:5      | Identified the +3 sling "Defrac" {flame, +Blink rElec rC+
                  | Str+2 Dex-5}
  6072 | D:6      | Noticed Edmund
  6090 | D:6      | Killed Edmund
  6091 | D:6      | Reached skill level 10 in Ranged Weapons
  6106 | D:6      | Reached XP level 9. HP: 32/54 MP: 9/9
  6110 | D:6      | Killed from afar by an orc wizard

Illustrated notes

Levels and vault maps discovered:
D:1:      dpeg_chamrin_arrival_tetris, layout_loops_ring
D:2:      layout_basic
D:3:      layout_loops_ring, lemuel_round_altar,
          mainiacjoe_overflow_cross_hatched, nicolae_dithmenos_the_darkroom,
          chequers_ecumenical_altar_simple
D:4:      kennysheep_goblin_castle, layout_gridville, old_standard_altar,
          serial_shops, nicolae_shop_hallway_stairs,
          ebering_dispersal_statue_hall, dk_vineyard_1
D:5:      layout_cave_pools, trog_ov_bears_minmay, doesnt_shop_hydraphobe,
          uniq_menkaure
D:6:      layout_cave_pools, minmay_joined_circles, uniq_edmund

Skill      XL: |  1  2  3  4  5  6  7  8 |
---------------+-------------------------+-----
Stealth        | 2 3 5 6 |  6.4
Dodging        | 3 4 5 6 |  6.2
Fighting       | 3 4 5 |  5.6
Ranged Weapons | 6 7 8 10 | 10.0

Action                   |  1- 3 |  4- 6 |  7- 9 || total
-------------------------+-------+-------+-------++-------
Melee: Shortbow          |       |       |     1 ||     1
 Fire: Shortbow          |    49 |   209 |   109 ||   367
  Use: Scroll            |       |     3 |     5 ||     8
       Potion            |       |       |     6 ||     6
Armor: Leather armour    |     6 |    26 |       ||    32
       Animal skin       |       |     7 |    29 ||    36
Dodge: Dodged            |    19 |   138 |   150 ||   307
